 Dungeon Crawl Stone Soup version 0.31-a0-1620-gcbf77bbcfc (webtiles) character file.

Game seed: 1400860400014049969

86 zenocrate the Sneak (level 4, -5/21 HPs)
             Began as a Vine Stalker Enchanter on Jan 11, 2024.
             Slain by an orc
             ... wielding a +0 trident
              (7 damage)
             ... on level 3 of the Dungeon.
             The game lasted 00:02:36 (1880 turns).

zenocrate the Sneak (Vine Stalker Enchanter)        Turns: 1880, Time: 00:02:37

Health: -5/21      AC:  2    Str: 11    XL:     4   Next: 50%
Magic:  0/8        EV: 12    Int: 15    God:
Gold:   163        SH:  0    Dex: 16    Spells: 2/7 levels left

rFire   . . .        a - +1 dagger
rCold   . . .        (no shield)
rNeg    . . .        b - +0 robe
rPois   .            (no helmet)
rElec   .            (no cloak)
rCorr   .            (no gloves)
SInv    .            (no boots)
Will    .....        (no amulet)
Stlth   +++          (no ring)
HPRegen 1.03/turn    (no ring)
MPRegen 0.11/turn

%: guardian spirit
@: no status effects
A: fangs 2, regeneration 1, magic shield, antimagic bite, no potion heal 2
a: no special abilities


You were on level 3 of the Dungeon.
You visited 1 branch of the dungeon, and saw 3 of its levels.

You collected 163 gold pieces.

Inventory:

Hand Weapons
 a - a +1 dagger (weapon)
Armour
 b - a +0 robe (worn)
Scrolls
 h - a scroll of revelation {unknown}
 j - a scroll of teleportation {unknown}
Potions
 c - 2 potions of invisibility
 d - 2 potions of brilliance
 e - a potion of attraction
 f - 3 potions of curing
 i - 2 potions of might {unknown}


   Skills:
 + Level 1.7 Short Blades
 + Level 1.0 Armour
 + Level 2.1 Dodging
 + Level 4.3 Stealth
 - Level 2.1 Spellcasting
 + Level 3.5 Hexes
 + Level 1.0 Ice Magic


You had 2 spell levels left.
You knew the following spells:

 Your Spells              Type           Power      Damage    Failure   Level
a - Ensorcelled Hibernat  Hex/Ice        16%        N/A       13%         2
b - Confusing Touch       Hex            12%        N/A       16%         3

Your spell library contained the following spells:

 Spells                   Type           Power      Damage    Failure   Level
 Freeze                   Ice            16%        1d4       14%         1
 Tukima's Dance           Hex            12%        N/A       16%         3
 Dazzling Flash           Conj/Hex       12%        N/A       32%         3
 Frozen Ramparts          Ice            8%         1d2       38%         3
 Hailstorm                Conj/Ice       3%         3d5       47%         3


Dungeon Overview and Level Annotations

Branches:
Dungeon (3/15)

Altars:

Shops:
D:1 :


Innate Abilities, Weirdness & Mutations

You have extremely sharp teeth.
Your natural rate of healing is unusually fast.
When hurt, damage is shared between your health and your magic reserves.
Your bite disrupts and absorbs the magic of your enemies.
Potions cannot restore your health.


Message History

The orc hits you with a +0 whip.
You hit the orc.
The orc is lightly wounded.
The orc barely misses you.
The orc hits you from afar with a +0 trident!
* * * LOW HITPOINT WARNING * * *
Unknown command.
You hit the orc. Your bite misses the orc.
The orc is heavily wounded.
The orc hits you with a +0 whip.
* * * LOW HITPOINT WARNING * * *
The orc closely misses you.
Unknown command.
The orc attacks as it pursues you! The orc completely misses you.
Unknown command.
You hit the orc.
You kill the orc!
Unknown command.
Unknown command.
The orc attacks as it pursues you!
The orc hits you from afar with a +0 trident.
* * * LOW HITPOINT WARNING * * *
Unknown command.
You barely miss the orc. The orc barely misses you.
Unknown command.
You hit the orc.
The orc is severely wounded.
The orc closely misses you.
Unknown command.
You barely miss the orc. You bite the orc. You drain its power.
You feel invigorated.
The orc is almost dead.
The orc hits you with a +0 club.
* * * LOW HITPOINT WARNING * * *
The orc hits you from afar with a +0 trident.
* * * LOW HITPOINT WARNING * * *
You hit the orc.
You kill the orc!
The orc hits you from afar with a +0 trident!
You die...

..<.... ..#..)S.
............
............
####...........
##..............
#####.$#.$##..##...#
+..@)o#.o.#...##.#.#
##.##...#.#.........
#.#..###......#.#<#
....####)#....#.#.#
+..###...........#.#
#.. #.####........)
....##. ###....#...#
.......o##..#########
......oo.o##


You could see an orc.

Vanquished Creatures
  An orc wizard (D:3)
  An adder (D:2)
  A ribbon worm (D:2)
  A dart slug (D:1)
  3 orcs (D:3)
  A ball python (D:1)
  4 endoplasms
  2 giant cockroaches
  3 goblins
  A hobgoblin (D:2)
  7 jackals
  5 quokkas
  4 bats
  2 frilled lizards
  4 kobolds
  A rat (D:2)
41 creatures vanquished.

Notes
Turn   | Place    | Note
-------+----------+-------------------------------------------
     0 | D:1      | zenocrate the Vine Stalker Enchanter began the quest for
                  | the Orb.
     0 | D:1      | Reached XP level 1. HP: 9/9 MP: 4/4
    55 | D:1      | Reached skill level 1 in Short Blades
   125 | D:1      | Found Zefiugin's Book Boutique.
   175 | D:1      | Reached XP level 2. HP: 13/13 MP: 6/6
   178 | D:1      | Learned a level 2 spell: Ensorcelled Hibernation
   364 | D:1      | Reached skill level 4 in Stealth
   588 | D:1      | Reached XP level 3. HP: 12/16 MP: 0/7
   599 | D:1      | Learned a level 3 spell: Confusing Touch
  1312 | D:2      | Found a faded altar of an unknown god.
  1841 | D:3      | Reached XP level 4. HP: 15/21 MP: 3/8
  1866 | D:3      | Reached skill level 1 in Armour
  1866 | D:3      | Reached skill level 1 in Ice Magic
  1872 | D:3      | HP: 1/21 [orc/+0 whip (4)]
  1879 | D:3      | HP: 1/21 [orc/+0 trident (2)]
  1880 | D:3      | Slain by an orc

Illustrated notes

Levels and vault maps discovered:
D:1:      mrwooster_arrival_statue, layout_basic, serial_shops,
          nicolae_shop_pleasant_corner_grove, amcnicky_mini_corridor_feature
D:2:      layout_basic, shapermc_ecumenical_altar_flowoftime, solitary_fountain
D:3:      layout_rooms, kiku_gazebo_garden_becter,
          mainiacjoe_overflow_six_doors_small, chequers_serial_rivers_small_3,
          minmay_misc_feat_more_columns, kennysheep_generic_room_16

Skill      XL: |  1  2  3  4 |
---------------+-------------+-----
Short Blades   | 1 |  1.7
Stealth        | 4 |  4.3
Dodging        | 2 |  2.1
Armour         | 1 |  1.0
Ice Magic      | 1 |  1.0
Spellcasting   | |  2.1
Hexes          | |  3.5

Action                     |  1- 3 |  4- 6 || total
---------------------------+-------+-------++-------
  Melee: Dagger            |    95 |    19 ||   114
         Bite              |    21 |     3 ||    24
   Cast: Ensorcelled Hiber |    16 |     2 ||    18
    Use: Scroll            |     3 |       ||     3
   Stab: Sleeping          |    20 |     1 ||    21
 Armour: Robe              |    51 |    19 ||    70
  Dodge: Dodged            |    71 |    16 ||    87

Table legend: (Time is in decaauts)
 A = Elapsed time spent in this place.
 B = Non-inter-level travel time spent in this place.
 C = Inter-level travel time spent in this place.
 D = Time resting spent in this place.
 E = Time spent auto-exploring this place.
 F = Levels seen in this place.
 G = Mean time per level.
                   A        B        C        D        E       F      G
               +--------+--------+--------+--------+--------+-----+--------+
         Total |   1871 |   1811 |     60 |      2 |   1478 |   3 |  623.7 |
       Dungeon |   1871 |   1811 |     60 |      2 |   1478 |   3 |  623.7 |
               +--------+--------+--------+--------+--------+-----+--------+

Top non-repeatable levels by time:
     D:1: 944 daAuts
     D:2: 842 daAuts
     D:3: 84 daAuts
